[Event "Corus"]
[Site "Wijk aan Zee"]
[Date "2006.01.29"]
[Round "13"]
[White "Aronian, Levon"]
[Black "Sokolov, Ivan"]
[Result "1-0"]
[ECO "D17"]
[WhiteElo "2752"]
[BlackElo "2689"]
[Annotator "Aronian,L"]
[PlyCount "69"]
[EventDate "2006.01.14"]
[EventType "tourn"]
[EventRounds "13"]
[EventCountry "NED"]
[EventCategory "19"]
[SourceTitle "CBM 111"]
[Source "ChessBase"]
[SourceDate "2006.04.04"]
[SourceVersion "1"]
[SourceVersionDate "2006.04.04"]
[SourceQuality "1"]
[TimeControl "240+2"]

{Usually, when a tournament has not gone especially well, the last round is
approached without great enthusiasm. But before this game, my friend and
second found a real bomb, so I came to the game with unusual ardour.} 1. d4 d5
2. c4 c6 3. Nf3 Nf6 4. Nc3 dxc4 {This I was pleased to see. On the morning of
the game, I thought that Ivan would choose the line that he had already played
at Wijk aan Zee against Gelfand: 4...e6 5.e3 a6. It seems that this bears the
name of Godena. To lovers of novelties in internet blitz, I can recommend 4...
Qb6.} 5. a4 Bf5 {Cunning. In Beersheva, Bu played 5...Bg4 against me, and came
close to winning, but now that Sergey Ivanov has given me his analysis, I am
better armed.} 6. Ne5 Nbd7 7. Nxc4 Qc7 ({My opponent has contributed much to
the development of the variation} 7... Nb6 8. Ne5 {and has played it regularly.
As is well known, however, players like to widen their repertoire now and then.
}) 8. g3 {Another sensible move is 8.Bg5, which I have played before, but I
have yet to try the interesting 8.Qd2.} e5 9. dxe5 Nxe5 10. Bf4 Nfd7 11. Bg2 f6
{As anticipated (but not by me) in our preparations, my opponent follows in
the footsteps of Gelfand, who did not have any problems in this variation, in
his game with me. In an attempt to refute the line, my friend and second
Gabriel Sargissian looked at many possibilities, before finding one in which
he was fully convinced. I did not treat his discovery all that seriously, not
believing that my opponent would go into this exact variation.} 12. O-O Nc5 13.
Ne3 Bg6 {13...Rd8 has also been played, leading in several variations to very
sharp play.} 14. b4 Ne6 15. Qb3 {This is it! The standard move 15.b5 did not
seem to us to offer anything huge, and my attempt to obtain an advantage by
means of 15.a5 against Gelfand did noit bring the desired result. Now if Black
plays quietly, White will be better, because the enemy dark-squared bishop is
passive (and not on c5, as in the line with 15.b5). Consequently, Black's next
few moves are practically forced.} Bf7 {On 15...Qf7 I think both 16.Be5 and 16.
b5 are strong.} 16. Qb1 {This was always thought to be incorrect because of my
opponent's reply, but in modern-day concrete-computerised chess, many such
canons have to give way before specific moves.} Nxf4 17. gxf4 Ng6 18. b5 {
It looks as though White is falling apart. In general, in this variation the
pawn on c6 plays a huge role, restraining the white knight and bishop.
Therefore White is even prepare dto give up his bishop for the black knight,
in order to achieve maximum activity for his own knight.} Qxf4 {After long
thought, my opponent chooses the most active move.} ({If} 18... Nxf4 {I
planned to play} 19. bxc6 Nxg2 20. Qe4+ {and as far as I recall, the main
variation runs} Qe5 21. Qxg2 Rc8 22. cxb7 Rxc3 23. Qg4 {White is not risking
much in what follows, and we decided not to analyze any further, since even if
the game reached this position, my opponent was guaranteed to be in time
trouble and in my practice, this is usually one of the signs of success. Of
course, one cannot rule out the possibility that in one of the various lines,
Black will have a defence that negates all of our analysis.}) 19. Rd1 {Even
now, when looking at this move and the ideas associated with it, it is hard to
believe it all, so I do not blame myself for looking for other moves, after
Gabriel had shown me the main line.} ({However, the uninspired} 19. bxc6 {
gives Black good play after} Bd6 20. Qe4+ Be5) 19... Bd6 {I was not afraid of
the alternative 19...Bc5, since with material equality, it is much easier to
bale out if something goes wrong. Consequently, when gabriel showed me the
various tricks, I just nodded my head. Maybe other more enquiring minds will
be found? It is a pity that so much good stuff should be wasted.} 20. Rxd6 Qxd6
21. bxc6 O-O {Played quickly.} ({Probably my opponent did not fancy defending
the position after} 21... bxc6 22. Nb5 Qd7 (22... cxb5 $2 23. Qe4+) 23. Qb4 {
in time trouble. In the resulting position, despite being an exchange and pawn
down, White has good compensation, since Black will not be able to connect his
rooks any time soon. Admittedly, it seems to me that in positiosn with a white
pawn on b7, Black has few prospects, so maybe 0-0 should be considered a
mistake.}) 22. Nb5 Qc5 ({After Black's other option} 22... Qf4 {I had planned
a nice trap. After} 23. cxb7 Rae8 {White plays} 24. Qf5 {and after the
exchanging combination} Rxe3 25. Qxf4 Nxf4 26. fxe3 Nxg2 {there follows the
unexpected quiet move} 27. a5 {and it turns out bthat Black is helpless
against the white passed pawns.}) 23. cxb7 Rab8 {Other moves do not help much.
The black position is already very hard to defend.} 24. Qf5 {A strong
manoeuvre, which cuts the enemy queen off from the kingside. It was made all
the stronger by being played immediately, like all the preceding moves.} Ne5 {
A mistake in impending time trouble.} ({The best chance looks to be} 24... Qb6
{which after} 25. a5 Qa6 26. Qc5 Rxb7 27. Bxb7 Qxb7 28. a6 Qe4 29. Qd4 {
leads to an inferior, but still defensible position.}) 25. Qc2 Qb6 {The final
mistake, after which Black loses all chances.} ({It ws probably necessary to
try} 25... Qb4 {although even then, after} 26. Rb1 Qa5 27. Nd6 {the position
is not pleasant.}) 26. Qc7 {As Vovi Malakhova likes to say, ''the main thing
is to play your aces''. Here this is very appropriate. Incidentally, here I
had already forgotten our analysis, and this was the first move of the game on
which I spent any time - a full 9 minutes, three times more than on all the
previous moves put together.} Rfd8 {It can be said that not much hangs on what
Black plays now.} 27. Rc1 {Threatening to take on b8. The rest is very simple,
White either queens or wins too much material. Rather than gloating, I will
not add any more commentary.} Qa6 28. Nf5 Qb6 29. Qxb8 Rxb8 30. Rc8+ Qd8 31.
Nxa7 Be8 32. Rxd8 Rxd8 33. Bd5+ Bf7 34. Ne7+ Kf8 35. Nec6 1-0

[Event "Metz op 31th"]
[Site "Metz"]
[Date "2013.07.24"]
[Round "7"]
[White "Greenfeld, Alon"]
[Black "Wirig, Anthony"]
[Result "1-0"]
[ECO "D17"]
[WhiteElo "2545"]
[BlackElo "2481"]
[Annotator "Metz Alekhine/Primel,D"]
[PlyCount "61"]
[EventDate "2013.04.20"]
[EventType "swiss"]
[EventRounds "9"]
[EventCountry "FRA"]
[SourceTitle "EXT 2016"]
[Source "ChessBase"]
[SourceDate "2015.10.08"]
[SourceVersion "1"]
[SourceVersionDate "2015.10.08"]
[SourceQuality "1"]
[TimeControl "40/5400:1800+30"]
[WhiteClock "1:30:00"]
[BlackClock "1:30:00"]

1. d4 d5 2. c4 c6 3. Nf3 Nf6 4. Nc3 dxc4 5. a4 Bf5 6. Nh4 (6. Ne5 Nbd7 7. Nxc4
Nb6 (7... Qc7) 8. Ne5 a5 9. Bg5 h6 10. Bh4 Nbd5 11. Qb3 Qb6 12. Qxb6 Nxb6 13.
f3 Rd8 14. e4 Bh7 15. Bf2 {Lalic,B (2510)-O'Donnell,C Kilkenny Masters 2013 (1.
1) 1/2} (15. d5 $1 {Lalic})) 6... Bg4 7. h3 Bh5 8. g4 Bg6 9. Nxg6 hxg6 10. e4 (
10. e3) 10... e6 (10... e5) 11. g5 (11. Bxc4) 11... Nfd7 12. Bxc4 Qa5 $6 $146 (
12... Bb4 $142 13. Be3 (13. Qf3 $5 Nb6 14. Bb3 Na6 15. O-O) 13... Rh4 {[%csl
Re4,Rh3][%cal Gb4e1] ;Cebalo,M (2511)-Boric,M (2411) Pula op 13th 1999 (6) 1-0}
) 13. Bd2 $1 Bb4 14. Qf3 $1 Nb6 15. Bb3 Na6 {Les pièces
mineures Noires sont assez mal placées} 16. O-O Rd8 17. Be3 $1 Be7 (17... Bxc3
18. bxc3 Qxc3 19. Rab1 $44 (19. a5)) 18. Rad1 (18. d5 $5 {
Avec la paire de B et face aux N Noirs mal placés, c'est probablement la
ligne critique} cxd5 19. exd5 Nxd5 20. Nxd5 exd5 21. Rad1 (21. Rfe1) 21... Nc7
22. Bd2 (22. Rfe1 $36) 22... Qb6 23. Rfe1 Ne6 24. Bxd5 O-O 25. h4 $13) 18...
O-O (18... Qb4 $5 ) 19. h4 Qb4 {[%csl Rb2] (=)} 20. Ba2 (20.
Rd3 $5 Nc5 (20... Qxb3 $2 21. Nd5 Qxb2 $4 22. Nxe7+ Kh8 23. h5 ) 21. Na2 Qa5 22. Bd2 Qa6 23. Nb4 Qxd3 $8 24. Nxd3 Nxb3 $13)
20... Qxb2 $5 {Un choix courageux car la Q Noire manque de case de repli.} 21.
h5 $5 (21. Bc1 {Moins risqué} Qb4 22. h5 Rxd4 (22... Nc7 23. hxg6 fxg6 24. Qh3 Rxd4 25. Ba3 $1 (25. Bxe6+ $6 Nxe6 26. Qxe6+ Rf7
$15)) 23. hxg6 Nc5 24. Be3 Rxd1 $2 (24... fxg6
25. Rxd4 Qxc3 26. Qh3 $40 ) 25. Qh3 fxg6 26. Bxc5 $18 ) 21... Qxc3 22. hxg6 $44 {[%csl Ga2,Ra6,Rb6,Ge3][%cal Ga2g8] Avec la paire
de B dont un trés fort Bb3 contre une paire de N mal placée, les Blancs ont
des compensations raisonnables mais si les Noirs arrivent à activer les N,
l'attaque Blanche peut s'essoufler} Nd5 {Le français choisit de rendre la
pièce mais Nc7 protégeant la faiblesse "e6" pouvait peut-être permettre de
s'accrocher au matériel.} (22... Nc7 $5 23. gxf7+ (23. Qh3 $6
fxg6) (23. Qh5 fxg6 24. Qxg6 Rf7 25. Qh5 (25. Bxe6 $6 Nxe6 26.
Qxe6 Rd6) 25... g6 $1) 23... Rxf7 24. Qh5 g6 $3 {La pointe!} 25.
Qxg6+ Rg7 26. Bxe6+ Nxe6 27. Qxe6+ Kf8 28. Rc1 Qd3 29.
Rfd1 Qe2 30. Qf5+ Kg8 31. Qe6+ Kh8 $19 {La Q Blanche
manque de soutien et les Noirs ont le temps de ramener la Qe2 en défense de
l'aile-roi}) 23. Qh3 (23. exd5 $143 exd5 ) (23.
Qh5 $142 fxg6 24. Qxg6 Nac7 25. exd5 exd5 26. Bb1 {[%csl Rg8,
Rh7] Les Noirs ont fermé la porte du Bb3 après ed5 mais il revient par la
fenêtre.}) 23... fxg6 24. Qxe6+ Rf7 25. exd5 Nc7 26. Qxg6
Rd6 $1 (26... Nxd5 $2 27. Bb1) 27. Qe4 Nxd5 $6 (27... cxd5 {Gagne un tempo
important sur la Qe4} 28. Rc1 Qb2 29. Qg4 (29. Qh4 Bxg5 $1)
29... Qxa2 30. Rxc7) 28. Kg2 $1 Kf8 (28... g6 29. Rh1 (29. Qxg6+
Rg7)) (28... Qa5 29. Rh1) 29. Rh1 Ke8 30. Rc1 Qa5 31. Rh7 {
Suite illisible et gain Blanc au 34ème coup} 1-0